 Dungeon Crawl Stone Soup version 0.27-a0-74-gebd156f8b4 (webtiles) character file.

Game seed: 17317640909586817951

43 hehateme the Magician (level 3, -1/28 HPs)
             Began as a Hill Orc Hedge Wizard on Jan 11, 2021.
             Killed by nerve-wracking pain
             ... invoked by an orc priest
              (8 damage)
             ... on level 2 of the Dungeon.
             The game lasted 00:02:14 (1546 turns).

hehateme the Magician (Hill Orc Hedge Wizard)       Turns: 1546, Time: 00:02:15

Health: -1/28      AC:  3    Str: 13    XL:     3   Next: 58%
Magic:  6/6        EV:  8    Int: 14    God:
Gold:   77         SH:  6    Dex: 10    Spells: 4/7 levels left

rFire    . . .     SeeInvis .   d - +2 dagger (freeze)
rCold    + . .     Faith    .   k - +0 kite shield {rC+}
rNeg     . . .     Spirit   .   e - +0 leather armour
rPois    .         Reflect  .   c - +0 hat
rElec    .         Harm     .   (no cloak)
rCorr    .         Rampage  .   (no gloves)
Will     .....                  (no boots)
Stlth    +.........             (no amulet)
HPRegen  0.09/turn              (no ring)
MPRegen  0.10/turn              (no ring)

@: no status effects
A: no striking features
a: Convert to Beogh


You were on level 2 of the Dungeon.
You visited 1 branch of the dungeon, and saw 2 of its levels.

You collected 77 gold pieces.

Inventory:

Hand Weapons
 a - a +0 dagger
 d - a +2 dagger of freezing (weapon)
Missiles
 h - 14 poisoned darts
 Q - 21 stones (quivered)
Armour
 b - a +0 robe
 c - a +0 hat (worn)
 e - a +0 leather armour (worn)
 k - a +0 kite shield of cold resistance (worn)
 o - a +1 pair of gloves
Jewellery
 f - an uncursed ring of resist corrosion {unknown}
 l - an uncursed ring of magical power {unknown}
Scrolls
 i - 2 scrolls of identify
Potions
 g - a potion of cancellation


   Skills:
 + Level 1.2 Fighting
 * Level 1.4 Short Blades
 - Level 1.5 Dodging
 - Level 1.5 Stealth
 + Level 2.6 Spellcasting
 - Level 1.4 Conjurations
 * Level 1.8 Summonings
 - Level 0.7 Translocations


You had 4 spell levels left.
You knew the following spells:

 Your Spells              Type           Power        Failure   Level
a - Magic Dart            Conj           20%          75%         1
c - Call Imp              Summ           7%           80%         2

Your spell library contained the following spells:

 Spells                   Type           Power        Failure   Level
 Blink                    Tloc           N/A          92%         2
 Slow                     Hex            1%           97%         2
 Conjure Flame            Conj/Fire      3%           99%         3
 Mephitic Cloud           Conj/Pois/Air  3%           99%         3


Dungeon Overview and Level Annotations

Branches:
Dungeon (2/15)

Altars:


Message History

Blink to where?
As you read the scroll labelled LATAENUBIST, it crumbles to dust.
It was a scroll of blinking.
The orc priest shouts!
The orc priest invokes the aid of Beogh against you.
Pain shoots through your body!
* * * LOW HITPOINT WARNING * * *
You take 1 damage, and have 11/28 hp.
You hit the orc priest. You freeze the orc priest.
The orc priest hits you with a +0 war axe.
* * * LOW HITPOINT WARNING * * *
You take 5 damage, and have 7/28 hp.
You hit the orc priest. You freeze the orc priest.
The orc priest shouts, "Join the one true god or die!"
The orc priest barely misses you.
You hit the orc priest. You freeze the orc priest.
You barely miss the orc priest.
The orc priest calls down the wrath of Beogh upon you.
Pain shoots through your body!
You die...

....... #........
################....##
.....................#
################.....# ###
.....#.o§§§§§.o....#.# #.#
###.##§#########.#.#.######.#
###.##.# #.#....÷.....#
....##.# #o#.#.######.#
######.# #@#.#....###.# ...#
#o# #.#.#........# ##.# #.#
#.#.########## #.# #.# #.#.#
#.# #o# #.#.# ##.# #.# #.#.#
...# #†# #o#.######## ##.#
#.#########........... #.#
#..§..........########

Skill      XL: |  1  2 |
---------------+-------+-----
Short Blades   | 1 |  1.4
Fighting       | 1 |  1.2
Dodging        | |  1.5
Stealth        | |  1.5
Spellcasting   | |  2.6
Conjurations   | |  1.4
Summonings     | |  1.8
Translocations | |  0.7

Notes
Turn   | Place    | Note
-------+----------+-------------------------------------------
     0 | D:1      | hehateme the Hill Orc Hedge Wizard began the quest for the
                  | Orb.
     0 | D:1      | Reached XP level 1. HP: 14/14 MP: 3/3
   117 | D:1      | Reached XP level 2. HP: 22/22 MP: 5/5
   147 | D:1      | Learned a level 2 spell: Call Imp
   363 | D:1      | Reached skill level 1 in Short Blades
   727 | D:1      | Reached skill level 1 in Fighting
   849 | D:1      | Reached XP level 3. HP: 28/28 MP: 6/6
  1135 | D:2      | HP: 7/28 [poisoned by an adder]
  1136 | D:2      | HP: 3/28 [adder (3)]
  1148 | D:2      | HP: 7/28 [poisoned by an adder]
  1155 | D:2      | HP: 6/28 [poisoned by an adder]
  1543 | D:2      | HP: 7/28 [orc priest/+0 war axe (5)]
  1546 | D:2      | Killed from afar by an orc priest

Table legend: (Time is in decaauts)
 A = Elapsed time spent in this place.
 B = Non-inter-level travel time spent in this place.
 C = Inter-level travel time spent in this place.
 D = Time resting spent in this place.
 E = Time spent auto-exploring this place.
 F = Levels seen in this place.
 G = Mean time per level.
                   A        B        C        D        E       F      G
               +--------+--------+--------+--------+--------+-----+--------+
         Total |   1548 |   1497 |     51 |    421 |    778 |   2 |  774.0 |
       Dungeon |   1548 |   1497 |     51 |    421 |    778 |   2 |  774.0 |
               +--------+--------+--------+--------+--------+-----+--------+

Top non-repeatable levels by time:
     D:1: 1014 daAuts
     D:2: 534 daAuts

Table legend:
 A = Kills in this place as a percentage of kills in entire the game.
 B = Kills by you in this place as a percentage of kills by you in the entire game.
 C = Kills by friends in this place as a percentage of kills by friends in the entire game.
 D = Other kills in this place as a percentage of other kills in the entire game.
 E = Experience gained in this place as a percentage of experience gained in the entire game.
 F = Experience gained in this place divided by the number of levels of this place that you have seen.
                   A       B       C       D       E      F
               +-------+-------+-------+-------+-------+----------------------
         Total | 100.0 | 100.0 |   N/A |   N/A | 100.0 |  31.0
       Dungeon | 100.0 | 100.0 |   N/A |   N/A | 100.0 |  31.0
               +-------+-------+-------+-------+-------+----------------------

Action                   || total
-------------------------++-------
Melee: Dagger            ||    86
Throw: Stone             ||     8
  Use: Scroll            ||     3
       Potion            ||     1
 Stab: Sleeping          ||     1
Armor: Robe              ||    14
       Leather armour    ||    17
Dodge: Dodged            ||    61
Block: Kite shield       ||    17

Vanquished Creatures
  An adder (D:2)
  2 oozes
  A dart slug (D:1)
  4 goblins (D:1)
  2 hobgoblins
  A ball python (D:1)
  6 bats (D:1)
  2 frilled lizards (D:1)
  2 kobolds (D:1)
  3 rats (D:1)
24 creatures vanquished. You could see an orc priest and an orc.

Levels and vault maps discovered:
D:1:      minmay_arrival_stair_chambers, layout_basic
D:2:      layout_basic, lemuel_round_altar
